AoeStats
← FallingELO

Arabia

510145786Analyzed
1v1 RM · 2d ago on Sep 29, 2026· 32m 49s· 2 players
Game mode
Random Map
Map size
Tiny (2 player)
Population
200
Speed
Normal
Resources
Standard
Victory
Conquest
Starting age
Dark Age
Ending age
Imperial Age
RankedLock teamsTeams togetherTeam positionsShared explorationLock speedFull tech treeHidden civsTurbo modeCheats
Victory
Defeat
🇺🇸 Varangians · United States
862
+16
🇨🇴 Khmer · Colombia
864
-16
FallingELO
9:38 Feudal Age
7:55 Loom
10:24 Double-Bit Axe
11:20 Horse Collar
13:08 Wheelbarrow
14:37 Bloodlines
16:48 Forging
18:16 Scale Barding Armor
27:48 Castle Age
29:31 Chain Barding Armor
29:47 Iron Casting
29:36 Husbandry
30:52 Town Watch
Changowar
13:20 Feudal Age
16:51 Castle Age
15:10 Double-Bit Axe
Connection lost

Rejoining the realm…

Still unreachable

The connection could not be restored.

Session expired

The server has moved on; the page needs a fresh start.